 Dungeon Crawl Stone Soup version 0.29.0-7-g18a832c13a (webtiles) character file.

Game seed: 7052304897095445631

392 PieDemon the Chopper (level 7, 0/61 HPs)
             Began as a Meteoran Fighter on Aug 30, 2022.
             Succumbed to a scorpion's poison
             ... on level 6 of the Dungeon.
             The game lasted 00:08:59 (903 turns).

PieDemon the Chopper (Meteoran Fighter)              Turns: 903, Time: 00:09:00

Health: 0/61       AC: 10    Str: 20    XL:     7   Next: 30%
Magic:  17/17      EV:  7    Int: 15    God:
Gold:   145        SH:  5    Dex: 14    Spells: 6/6 levels left

rFire   + . .      SeeInvis .   a - +0 war axe
rCold   . . .      Faith    .   c - +0 buckler
rNeg    . . .      Spirit   .   l - +0 chain mail
rPois   .          Reflect  .   (no helmet)
rElec   .          Harm     .   (no cloak)
rCorr   .          Rampage  .   (no gloves)
Will    .....                   o - +0 pair of boots
Stlth   ..........              (no amulet)
HPRegen 0.20/turn               k - ring of Makhleb's Outrage {rF+ Int+6}
MPRegen 0.15/turn               g - ring of magical power

@: lethally poisoned (0 -> -5), glowing
A: sense surroundings 1, otherworldly, glowing, explore regen
a: no special abilities


You were on level 6 of the Dungeon.
You visited 1 branch of the dungeon, and saw 6 of its levels.
You also visited: Sewer.

You collected 145 gold pieces.

Inventory:

Hand Weapons
 a - a +0 war axe (weapon)
 e - a +0 whip
 i - a +0 morningstar
Missiles
 j - 9 stones
Armour
 b - a +0 scale mail
 c - a +0 buckler (worn)
 l - a +0 chain mail (worn)
 o - a +0 pair of boots (worn)
Jewellery
 g - a ring of magical power (right hand)
 k - the ring of Makhleb's Outrage (left hand) {rF+ Int+6}
   (You found it on level 3 of the Dungeon)

   [ring of intelligence]

   Int:       It affects your intelligence (+6).
   rF:        It protects you from fire.
 p - a ring of ice
Wands
 q - a wand of roots (12)
Scrolls
 h - a scroll of fear {unknown}
 m - a scroll of poison {unknown}
 n - a scroll of identify
 r - a scroll of blinking {unknown}
 v - a scroll of magic mapping {unknown}
Potions
 d - 2 potions of might
 f - a potion of lignification
 u - a potion of curing {unknown}
 w - a potion of haste {unknown}


   Skills:
 + Level 5.3 Fighting
 * Level 7.0 Axes
 - Level 3.6 Armour
 - Level 3.6 Shields


You had 6 spell levels left.
You didn't know any spells.
Your spell library was empty.

Dungeon Overview and Level Annotations

Branches:
Dungeon (6/15) Zot: 2724    Sewer (visited)
 Temple: D:4-7

Altars:
Vehumet


Innate Abilities, Weirdness & Mutations

You passively map a small area around you.
You are easily found by Zot.
You glow in the dark.
You regain HP and MP as you explore.


Message History

The grasping roots constrict the scorpion.
* * * LOW HITPOINT WARNING * * *
You feel very sick.
You hear an angry hiss.
You hear a shout!
You block the scorpion's attack.
You hear some strange, mumbled words.
A puff of flame appears from out of thin air!
The puff of flame hits you but does no damage.
You resist.
Unknown command.
The grasping roots constrict the scorpion.
You kill the scorpion!
* * * LOW HITPOINT WARNING * * *
You feel very sick. Something hits you but does no damage.
Your life force feels restored.
Your Axes skill increases to level 7!
Unknown command.
Something hits you.
* * * LOW HITPOINT WARNING * * *
A water moccasin comes into view.
* * * LOW HITPOINT WARNING * * *
You feel sick.
You hear some strange, mumbled words.
A puff of flame appears from out of thin air!
The puff of flame misses you.
The water moccasin moves out of view.
* * * LOW HITPOINT WARNING * * *
You feel sick.
Unknown command.
Unknown command.
It was a potion of brilliance.
You feel clever all of a sudden.
* * * LOW HITPOINT WARNING * * *
You feel sick. You block the water moccasin's attack.
The water moccasin barely misses you.
It was a potion of cancellation.
Your magical effects are unravelling.
You feel magically purged.
You feel a little less clever now.
You die...

,* * , , * ,
* ~ * , , ,
# + ##+# *
#., *#.. **
* #.####.#*
##....#.# *
......S@# ,
*#####.#.#
** ##.#.##
.o.#))...##
*,
#..>...<.# ,
**###......#
*
........#.#
*
#####.###.#
#.# .#


You could see a water moccasin.

Vanquished Creatures
  A sky beast (D:4)
  A necrophage (D:4)
  A scorpion (D:6)
  2 orc priests
  A hell rat (Sewer)
  An adder (D:4)
  3 river rats (Sewer)
  A white imp (D:6)
  2 worms
  A dart slug (D:4)
  4 orcs
  4 ball pythons
  A bat (D:3)
  3 endoplasms
  2 giant cockroaches
  4 hobgoblins
  5 kobolds
  3 goblins
  14 rats
54 creatures vanquished.

Notes
Turn   | Place    | Note
-------+----------+-------------------------------------------
     0 | D:1      | PieDemon the Meteoran Fighter began the quest for the Orb.
     0 | D:1      | Reached XP level 1. HP: 19/19 MP: 2/2
   227 | D:1      | Reached XP level 2. HP: 26/26 MP: 3/3
   299 | D:1      | Reached skill level 3 in Axes
   478 | D:3      | Reached XP level 3. HP: 23/31 MP: 4/4
   485 | D:3      | Identified the ring of Makhleb's Outrage {rF+ Int+6}
   555 | D:4      | Found a radiant altar of Vehumet.
   582 | D:3      | Reached skill level 4 in Axes
   608 | D:3      | Reached XP level 4. HP: 33/40 MP: 5/5
   647 | D:4      | Noticed a necrophage
   657 | D:4      | Killed a necrophage
   658 | D:4      | Reached skill level 5 in Axes
   658 | D:4      | Reached XP level 5. HP: 34/47 MP: 6/6
   703 | D:4      | Noticed a sky beast
   716 | D:4      | Killed a sky beast
   717 | D:4      | Reached skill level 6 in Axes
   717 | D:4      | Reached XP level 6. HP: 20/55 MP: 7/7
   742 | D:5      | Entered Level 5 of the Dungeon
   743 | D:5      | Found a glowing drain.
   783 | Sewer    | Entered a sewer
   796 | Sewer    | Reached skill level 5 in Fighting
   890 | D:6      | Reached XP level 7. HP: 30/57 MP: 8/8
   900 | D:6      | Reached skill level 7 in Axes
   900 | D:6      | Noticed a water moccasin
   901 | D:6      | HP: 3/61 [poisoned by a scorpion]
   903 | D:6      | Succumbed to a scorpion's poison

Illustrated notes

Levels and vault maps discovered:
D:1:      dpeg_arrival_ratfight, layout_basic,
          dreamdust_ecumenical_altar_hidden_monk_grotto
D:2:      layout_basic, serial_shops, nicolae_shop_crystal, basic_altar,
          minmay_quadrilaterals
D:3:      layout_basic, ebering_ghost_inner_flame, dreamdust_wishing_well,
          lexackson_kobold_supper, uniq_ijyb, uniq_robin
D:4:      layout_loops_ring, fiery_altar_vehumet, grunt_gozag_breadcrumbs,
          kennysheep_generic_room_14, uniq_natasha, uniq_crazy_yiuf_cottage
D:5:      layout_loops_ring, cheibrodos_sewer_entry_drain,
          chequers_serial_rivers_small_3, minmay_parallelograms, corexii_shack,
          minmay_strange_pillars, nicolae_underground_beach, uniq_duvessa
D:6:      lemuel_slime, layout_loops_ring, mainiacjoe_overflow_six_doors_small,
          minmay_temple_entry_stoned_glass

Skill      XL: |  1  2  3  4  5  6  7 |
---------------+----------------------+-----
Axes           | 3 4 5 6 7 |  7.0
Fighting       | 4 5 |  5.3
Armour         | |  3.6
Shields        | |  3.6

Action                   |  1- 3 |  4- 6 |  7- 9 || total
-------------------------+-------+-------+-------++-------
Melee: War axe           |    79 |    70 |     4 ||   153
Throw: Stone             |     1 |     9 |       ||    10
Evoke: Wand              |       |     1 |     2 ||     3
  Use: Scroll            |       |     1 |       ||     1
       Potion            |       |       |     2 ||     2
Armor: Scale mail        |    20 |       |       ||    20
       Chain mail        |    11 |    41 |    10 ||    62
Dodge: Dodged            |    26 |    11 |     4 ||    41
Block: Buckler           |    22 |    13 |     3 ||    38
